 Dungeon Crawl Stone Soup version 0.30.0 (webtiles) character file.

Game seed: 10648750978521696391

25 uncreativemoon the Insei (level 2, -1/22 HPs)
             Began as a Demigod Transmuter on Oct 25, 2023.
             Killed from afar by an orc wizard (8 damage)
             ... with a magic dart
             ... on level 2 of the Dungeon.
             The game lasted 00:05:53 (793 turns).

uncreativemoon the Insei (Demigod Transmuter)        Turns: 793, Time: 00:05:54

Health: -1/22      AC:  2    Str: 11    XL:     2   Next: 66%
Magic:  6/7        EV: 12    Int: 15    God:
Gold:   66         SH:  0    Dex: 14    Spells: 4/5 levels left

rFire   . .          .
                       - Unarmed
rCold   . . .        (no shield)
rNeg    . . .        a - +0 robe
rPois   .            (helmet currently unavailable)
rElec   .            (no cloak)
rCorr   .            (no gloves)
SInv    .            (boots currently unavailable)
Will    .....        (no amulet)
Stlth   +            (no ring)
HPRegen 0.23/turn    (no ring)
MPRegen 0.10/turn

%: no passive effects
@: appendages
A: horns 2, talons 2, high MP 1, forlorn, divine attributes
a: End Transformation


You were on level 2 of the Dungeon.
You had temporarily grown beastly horns and talons.
You visited 1 branch of the dungeon, and saw 2 of its levels.

You collected 66 gold pieces.

Inventory:

Armour
 a - a +0 robe (worn)
Scrolls
 d - a scroll of identify
 f - a scroll of poison
Potions
 b - a potion of lignification


   Skills:
 + Level 0.8 Fighting
 + Level 1.8 Dodging
 + Level 0.2 Stealth
 + Level 3.0 Unarmed Combat
 + Level 2.2 Spellcasting
 + Level 2.2 Transmutations


You had 4 spell levels left.
You knew the following spells:

 Your Spells              Type           Power      Damage    Failure   Level
a - Beastly Appendage     Tmut           16%        N/A       9%          1

Your spell library contained the following spells:

 Spells                   Type           Power      Damage    Failure   Level
 Wereblood                Tmut           8%         N/A       13%         2
 Sandblast                Erth           2%         2d4       22%         1
 Passwall                 Tmut/Erth      3%         N/A       22%         2
 Spider Form              Tmut/Pois      4%         N/A       38%         3
 Stone Arrow              Conj/Erth      2%         3d7       54%         3
 Ice Form                 Ice/Tmut       4%         N/A       80%         4


Dungeon Overview and Level Annotations

Branches:
Dungeon (2/15)


Innate Abilities, Weirdness & Mutations

You have temporarily grown beastly horns and talons.
You have an increased reservoir of magic. (+10% MP)
You shall have no god before yourself.
Your divine heritage dramatically boosts your attributes as you level up.


Message History

You hit the worm. You claw the worm. You headbutt the worm.
You kill the worm!
Your transformation is almost over.
You start resting.
Magic restored.
You start resting.
Your horns disappear.
Your talons disappear.
HP restored.
You open the door.
An orc wizard and 2 orcs come into view.
The orc wizard is wielding a +2 dagger of holy wrath.
The orc shouts! x2; You hear a shout!
The orc wizard shouts!
An orc comes into view. It is wielding a +0 falchion.
The orc wizard moves out of view.
Casting: Beastly Appendage (safe; 9% risk of failure)
Press: ? - help, Q - select action Dir - look around, f - activate You grow a pair of large bovine horns.
Your feet morph into talons.
The orc closely misses you.
Found a stone staircase leading down.
There is an open door here.
You hit the orc.
The orc is moderately wounded.
The orc hits you from afar with a +0 trident.
You hit the orc. Your kick misses the orc.
You headbutt the orc, but do no damage.
The orc is almost dead.
The orc hits you from afar with a +0 trident!
The orc wizard barely misses you. The orc hits you but does no damage.
You are too injured to fight recklessly!
You are too injured to fight recklessly!
You are too injured to fight recklessly!
You are too injured to fight recklessly!
You are too injured to fight recklessly!
You are too injured to fight recklessly!
You hit the orc but do no damage. You claw the orc.
You kill the orc!
The orc hits you from afar with a +0 trident.
The orc wizard gestures at you while chanting.
The magic dart hits you!
You die...

...).....###
...........# .#
.........#.#########.#
...†^...............>#
.......[.#.###.......#
.........#.# #.# ....#
.........#.###.# ....#
.........#.....##o...#.#
.........#......@oo....#
##########....###.......
#....# ....... #....#
....... #....# .......
#....# ....... #.####
###.... #. ....


You could see an orc wizard and 2 orcs.

Vanquished Creatures
  A worm (D:2)
  A dart slug (D:1)
  An orc (D:2)
  3 ball pythons
  4 endoplasms (D:1)
  A giant cockroach (D:1)
  3 goblins
  2 hobgoblins (D:1)
  2 bats (D:1)
  A rat (D:1)
19 creatures vanquished.

Vanquished Creatures (others)
  2 plants (D:1)
2 creatures vanquished.

Grand Total: 21 creatures vanquished

Notes
Turn   | Place    | Note
-------+----------+-------------------------------------------
     0 | D:1      | uncreativemoon the Demigod Transmuter began the quest for
                  | the Orb.
     0 | D:1      | Reached XP level 1. HP: 15/15 MP: 5/5
   312 | D:1      | Reached XP level 2. HP: 13/22 MP: 7/7
   420 | D:1      | Reached skill level 3 in Unarmed Combat
   793 | D:2      | Killed from afar by an orc wizard

Illustrated notes

Levels and vault maps discovered:
D:1:      minmay_arrival_radiant_lines, layout_basic, serial_forest,
          infiniplex_forest_lined_room_2, infiniplex_forest_lined_2,
          infiniplex_forest_lined_3, infiniplex_forest_straight_2,
          infiniplex_forest_lined_2, infiniplex_forest_clump_long,
          infiniplex_forest_straight_4, infiniplex_forest_clump_double
D:2:      layout_basic, grunt_ministairs_12, dk_noncrumbling_4, uniq_natasha

Skill      XL: |  1  2 |
---------------+-------+-----
Spellcasting   | 2 |  2.2
Unarmed Combat | 3 |  3.0
Transmutations | 2 |  2.2
Fighting       | |  0.8
Dodging        | |  1.8
Stealth        | |  0.2

Action                     || total
---------------------------++-------
  Melee: Unarmed           ||    58
         Headbutt          ||     5
         Kick              ||     4
   Cast: Beastly Appendage ||    11
    Use: Scroll            ||     2
         Potion            ||     1
   Stab: Sleeping          ||     1
 Armour: Robe              ||    10
  Dodge: Dodged            ||    34
